 Dungeon Crawl Stone Soup version 0.21.1-1-g345015fe64 (webtiles) character file.

34877 Mesmodan the Thaumaturge (level 13, 0/99 HPs)
             Began as a Gnoll Wizard on June 27, 2018.
             Was the Champion of Cheibriados.
             Slain by an ettin
             ... wielding a +0 dire flail
              (4 damage)
             ... on level 14 of the Dungeon.
             The game lasted 02:03:39 (15400 turns).

Mesmodan the Thaumaturge (Gnoll Wizard)            Turns: 15400, Time: 02:03:40

Health: 0/99       AC: 11    Str: 27    XL:     13   Next: 80%
Magic:  24/28      EV: 21    Int: 42    God:    Cheibriados [******]
Gold:   907        SH:  8    Dex: 28    Spells: 9/34 levels left

rFire    + . .     SeeInvis .   F - +7 hand axe of Conversion {chop, rC+}
rCold    + . .     Gourm    .   s - +0 buckler
rNeg     . . .     Faith    .   z - +0 ring mail {MR+}
rPois    +         Spirit   .   q - +0 helmet
rElec    .         Reflect  .   i - +0 cloak
rCorr    +         Harm     .   U - +0 pair of gloves "Etamui" {rF+ Int+3} (curse)
MR       +....                  (no boots)
Stlth    ++++......             g - amulet of magic regeneration
HPRegen  0.26/turn              P - ring of poison resistance
MPRegen  0.46/turn              p - ring of resist corrosion

@: very slow
A: distributed training, fangs 1, strong nose
a: Bend Time, Temporal Distortion, Slouch, Step From Time, Renounce Religion


You were on level 14 of the Dungeon.
You worshipped Cheibriados.
Cheibriados was exalted by your worship.
You were not hungry.

You visited 2 branches of the dungeon, and saw 15 of its levels.
You also visited: Sewer.

You collected 907 gold pieces.

Inventory:

Hand Weapons
 x - a +0 blowgun
 C - a +1 spear of piercing
 F - the +7 hand axe of Conversion (weapon) {chop, rC+}
   (You found it on level 7 of the Dungeon)

   It inflicts extra damage upon your enemies.
   It protects you from cold.
 W - a +2 flail of crushing
Missiles
 l - 8 needles of confusion
 r - 2 needles of sleeping
 E - 33 poisoned needles
Armour
 h - a +2 chain mail of poison resistance
 i - a +0 cloak (worn)
 q - a +0 helmet (worn)
 s - a +0 buckler (worn)
 z - a +0 ring mail of magic resistance (worn)
 G - a +1 scale mail of cold resistance
 U - the cursed +0 pair of gloves "Etamui" (worn) {rF+ Int+3}
   (You found it on level 14 of the Dungeon)

   It affects your intelligence (+3).
   It protects you from fire.
   It has a curse placed upon it.
Jewellery
 g - an amulet of magic regeneration (around neck)
 p - a ring of resist corrosion (right hand)
 w - an uncursed ring of protection from cold
 P - a ring of poison resistance (left hand)
Wands
 t - a wand of flame (74)
 D - a wand of scattershot (4)
 I - a wand of enslavement (16)
 K - a wand of polymorph (15)
 N - a wand of iceblast (11)
 O - a wand of acid (5)
 X - a wand of disintegration (13)
Scrolls
 a - 4 scrolls of blinking
 b - a scroll of fear
 e - a scroll of fog
 k - 2 scrolls of enchant armour
 n - 6 scrolls of remove curse
 o - 9 scrolls of teleportation
 v - 3 scrolls of enchant weapon
 B - 5 scrolls of amnesia
 H - a scroll of magic mapping
 J - a scroll of summoning
 S - a scroll of immolation
Potions
 f - 2 potions of resistance
 j - 5 potions of flight
 m - 4 potions of curing
 u - 3 potions of invisibility
 A - a potion of lignification
 M - 3 potions of brilliance
 R - a potion of heal wounds {unknown}
 V - a potion of might {unknown}
 Y - 2 potions of ambrosia {unknown}
Books
 c - a book of Minor Magic

   Spells                             Type                      Level
   a - Magic Dart                     Conjuration                  1
   b - Blink                          Translocation                2
   c - Call Imp                       Summoning                    2
   d - Slow                           Hexes                        2
   e - Conjure Flame                  Conjuration/Fire             3
   f - Mephitic Cloud                 Conjuration/Poison/Air       3
 y - a book of the Tempests

   Spells                             Type                      Level
   a - Static Discharge               Conjuration/Air              3
   b - Lightning Bolt                 Conjuration/Air              5
   c - Ignition                       Fire                         8
   d - Tornado                        Air                          9
   e - Shatter                        Earth                        9
 L - a book of the Sky

   Spells                             Type                      Level
   a - Summon Lightning Spire         Summoning/Air                4
   b - Silence                        Hexes/Air                    5
   c - Deflect Missiles               Charms/Air                   6
   d - Conjure Ball Lightning         Conjuration/Air              6
   e - Tornado                        Air                          9
 Q - a book of Enchantments

   Spells                             Type                      Level
   a - Cause Fear                     Hexes                        4
   b - Yara's Violent Unravelling     Hexes/Transmutation          5
   c - Silence                        Hexes/Air                    5
   d - Deflect Missiles               Charms/Air                   6
   e - Discord                        Hexes                        8
Miscellaneous
 T - a sack of spiders
 Z - a fan of gales (inert)
Comestibles
 d - 37 rations


   Skills:
 + Level 8.5 Fighting
 + Level 8.5 Short Blades
 + Level 8.5 Long Blades
 + Level 8.5 Axes
 + Level 8.5 Maces & Flails
 + Level 8.5 Polearms
 + Level 8.5 Staves
 + Level 8.5 Slings
 + Level 8.5 Bows
 + Level 8.5 Crossbows
 + Level 8.5 Throwing
 + Level 8.5 Armour
 + Level 9.6 Dodging
 + Level 9.5 Stealth
 + Level 8.5 Shields
 + Level 8.5 Unarmed Combat
 + Level 11.0 Spellcasting
 + Level 7.4 Conjurations
 + Level 7.0 Hexes
 + Level 7.0 Charms
 + Level 7.4 Summonings
 + Level 7.0 Necromancy
 + Level 7.4 Translocations
 + Level 7.0 Transmutations
 + Level 7.0 Fire Magic
 + Level 7.0 Ice Magic
 + Level 7.0 Air Magic
 + Level 7.0 Earth Magic
 + Level 7.0 Poison Magic
 + Level 9.2 Invocations
 + Level 8.5 Evocations


You had 9 spell levels left.
You knew the following spells:

 Your Spells              Type           Power        Failure   Level  Hunger
a - Magic Dart            Conj           ####         1%          1    None
b - Blink                 Tloc           N/A          1%          2    None
c - Call Imp              Summ           ######..     1%          2    None
d - Conjure Flame         Conj/Fire      ######..     1%          3    None
e - Mephitic Cloud        Conj/Pois/Air  ######..     1%          3    None
f - Summon Lightning Spi  Summ/Air       ######..     1%          4    None
g - Lightning Bolt        Conj/Air       ######....   2%          5    None
h - Silence               Hex/Air        ######....   2%          5    None


Dungeon Overview and Level Annotations

Branches:
Dungeon (14/15)            Temple (1/1) D:7            Lair (0/6) D:9
    Orc (0/2) D:10
 Vaults: D:13-14

Altars:
Ashenzari
Cheibriados
Dithmenos
Elyvilon
Fedhas
Hepliaklqana
Kikubaaqudgha
Makhleb
Nemelex Xobeh
Okawaru
Qazlal
Ru
Sif Muna
Trog
Uskayaw
Vehumet
Wu Jian
Yredelemnul
Zin
The Shining One

Annotations:
D:4 Menkaure
D:8 exclusion: troll
D:9 1 runed door


Innate Abilities, Weirdness & Mutations

Your experience applies equally to all skills.
You have very sharp teeth.
Your uncanny sense of smell can sniff out nearby items.


Message History

The ball explodes into a vile cloud!
The stinking cloud engulfs the ettin.
The ettin is lightly wounded.
The stinking cloud engulfs the slime creature.
The slime creature appears unharmed.
The slime creature is severely wounded.
You hear a shout!
The slime creature hits you!
* * * LOW HITPOINT WARNING * * *
Casting: Mephitic Cloud
Confirm with . or Enter, or press ? or * to list all spells.
Okay, then.
Casting: Mephitic Cloud
Confirm with . or Enter, or press ? or * to list all spells.
You blink.
A deep troll comes into view.
The ettin hits you with a dire flail!!
* * * LOW HITPOINT WARNING * * *
The ettin barely misses you.
You fail to use your ability.
The ettin hits you with a dire flail.
You die...

.........
.......... ∆∆
.......... ∆
........T# ∆
.........#
.........#
.........# ..
........§########..
.......@CJ[.Z......
........§§§........
#########.†........
#.......... ..#
#.......... ..#
#.......... ..#
#.......... ..#
#.......... ..#
#..........


You could see an ettin, a slime creature, a deep troll and a centaur warrior
zombie.

Vanquished Creatures
  Rupert (D:14)
  Snorg (D:14)
  Erolcha (D:12)
  2 hydras
  6 two-headed ogres
  A death knight (D:11)
  2 tengu warriors
  An unseen horror (D:13)
  An orc knight (D:12)
  A deep elf mage (D:11)
  An ugly thing (D:13)
  10 slime creatures (D:14)
  3 cyclopes (D:13)
  A manticore (D:14)
  A centaur zombie (D:11)
  4 molten gargoyles (D:13)
  A gargoyle (D:11)
  A komodo dragon (D:9)
  A troll (D:8)
  2 hornets
  2 hippogriffs
  Grinder (D:4)
  Sigmund (D:3)
  A vampire (D:13)
  A wraith (D:12)
  3 wyverns
  A yak (shapeshifter) (D:14)
  30 yaks
  4 hungry ghosts
  A steam dragon (D:13)
  A warg (D:12)
  The ghost of DildoBatman the Conjurer, an amateur OpWz (D:4)
  Edmund (D:5)
  An acid dragon (D:12)
  A water moccasin (D:12)
  Duvessa (D:5)
  9 orc warriors
  6 sky beasts
  4 black bears
  2 phantoms
  A swamp drake (D:10)
  3 ice beasts
  2 eyes of draining
  9 ogres
  4 centaurs
  A crocodile (D:8)
  3 big kobolds
  6 bullfrogs
  Blork the orc (D:5)
  A gnoll sergeant (D:7)
  A wyvern zombie (D:7)
  Dowan (D:5)
  3 wyvern skeletons
  7 scorpions
  12 killer bees
  8 wights
  2 howler monkeys (D:9)
  A vampire bat (D:6)
  5 crimson imps
  3 jellies
  9 orc priests
  A bullfrog zombie (D:12)
  9 hounds
  13 orc wizards
  6 centaur skeletons
  6 iguanas
  8 worker ants
  2 killer bee zombies
  A centaur simulacrum (D:11)
  2 hound zombies
  2 worker ant zombies (D:11)
  11 gnolls
  11 adders
  A river rat (D:4)
  4 shadow imps
  3 oozes
  2 adder skeletons
  3 worms
  2 dart slugs
  11 leopard geckos
  49 orcs
  2 bat skeletons (D:6)
  2 bat zombies (D:6)
  4 giant cockroaches
  5 goblins
  3 hobgoblins
  3 jackals
  13 kobolds
  6 quokkas
  3 ball pythons
  14 bats
  4 frilled lizards
  A jackal skeleton (D:5)
  2 leopard gecko skeletons
  A quokka zombie (D:8)
  8 rats
415 creatures vanquished.

Vanquished Creatures (collateral kills)
  A catoblepas (D:13)
  A centaur warrior (D:11)
  The ghost of patthesweetcat the Cleaver, a novice MiBe of Trog (D:7)
  The ghost of HypnoRock the Cleaver, a novice HOFi of Makhleb (D:6)
  An ugly thing (D:11)
  A komodo dragon (D:11)
  A troll (D:10)
  Eustachio (D:4)
  An orc warrior (D:9)
  An ogre (D:7)
  2 centaurs
  A big kobold (D:8)
  A bullfrog (D:9)
  A scorpion (D:9)
  8 killer bees
  A howler monkey (D:7)
  A vampire bat (D:6)
  A crimson imp (D:11)
  3 orc wizards (D:11)
  3 gnolls
  A shadow imp (D:11)
  3 oozes (Sewer)
  2 worms (Sewer)
  8 orcs
  6 jackals
  A ball python (D:4)
  3 bats (Sewer)
  2 frilled lizards
  3 kobolds
  A rat (D:3)
62 creatures vanquished.

Vanquished Creatures (others)
  A frilled lizard (D:3)
  18 plants (D:9)
19 creatures vanquished.

Grand Total: 496 creatures vanquished

Notes
Turn   | Place    | Note
-------+----------+-------------------------------------------
     0 | D:1      | Mesmodan the Gnoll Wizard began the quest for the Orb.
     0 | D:1      | Reached XP level 1. HP: 13/13 MP: 8/8
   499 | D:1      | Reached XP level 2. HP: 19/19 MP: 8/10
   503 | D:1      | Learned a level 2 spell: Blink
   506 | D:1      | Learned a level 2 spell: Call Imp
  1003 | D:2      | Reached XP level 3. HP: 25/25 MP: 8/11
  1008 | D:2      | Learned a level 3 spell: Conjure Flame
  1012 | D:2      | Learned a level 3 spell: Mephitic Cloud
  1175 | D:2      | Reached skill level 1 in Invocations
  1196 | D:2      | Reached skill level 1 in Fighting
  1196 | D:2      | Reached skill level 1 in Short Blades
  1196 | D:2      | Reached skill level 1 in Long Blades
  1196 | D:2      | Reached skill level 1 in Axes
  1196 | D:2      | Reached skill level 1 in Maces & Flails
  1196 | D:2      | Reached skill level 1 in Polearms
  1196 | D:2      | Reached skill level 1 in Staves
  1196 | D:2      | Reached skill level 1 in Slings
  1196 | D:2      | Reached skill level 1 in Bows
  1196 | D:2      | Reached skill level 1 in Crossbows
  1196 | D:2      | Reached skill level 1 in Throwing
  1196 | D:2      | Reached skill level 1 in Armour
  1196 | D:2      | Reached skill level 1 in Shields
  1196 | D:2      | Reached skill level 1 in Unarmed Combat
  1196 | D:2      | Reached skill level 1 in Evocations
  1208 | D:2      | Reached XP level 4. HP: 18/32 MP: 13/13
  1523 | D:2      | Found a sacrificial altar of Ru.
  1764 | D:3      | Found a white marble altar of Elyvilon.
  1802 | D:3      | Reached skill level 1 in Hexes
  1802 | D:3      | Reached skill level 1 in Charms
  1802 | D:3      | Reached skill level 1 in Necromancy
  1802 | D:3      | Reached skill level 1 in Transmutations
  1802 | D:3      | Reached skill level 1 in Fire Magic
  1802 | D:3      | Reached skill level 1 in Ice Magic
  1802 | D:3      | Reached skill level 1 in Air Magic
  1802 | D:3      | Reached skill level 1 in Earth Magic
  1802 | D:3      | Reached skill level 1 in Poison Magic
  1880 | D:3      | Noticed Sigmund
  1896 | D:3      | Killed Sigmund
  1896 | D:3      | Reached XP level 5. HP: 38/38 MP: 7/14
  1896 | D:3      | Reached XP level 6. HP: 44/44 MP: 8/16
  2633 | D:4      | Noticed Menkaure
  2762 | D:4      | Reached skill level 5 in Dodging
  2784 | D:4      | Noticed DildoBatman's ghost (amateur OpWz)
  2827 | D:4      | Noticed Eustachio
  2843 | D:4      | Killed DildoBatman's ghost
  2843 | D:4      | Reached XP level 7. HP: 36/50 MP: 13/18
  2878 | D:4      | Killed Eustachio
  2952 | D:4      | Noticed Grinder
  2976 | D:4      | Killed Grinder
  2976 | D:4      | Reached skill level 5 in Stealth
  3109 | D:4      | Found a glowing drain.
  3113 | Sewer    | Entered a sewer
  3949 | D:4      | Reached XP level 8. HP: 57/57 MP: 9/19
  4364 | D:5      | Entered Level 5 of the Dungeon
  4694 | D:5      | Noticed Edmund
  4722 | D:5      | Killed Edmund
  4885 | D:5      | Noticed Blork the orc
  4896 | D:5      | Killed Blork the orc
  5014 | D:5      | Noticed Duvessa
  5014 | D:5      | Noticed Dowan
  5042 | D:5      | Killed Duvessa
  5042 | D:5      | Reached skill level 8 in Spellcasting
  5045 | D:5      | Killed Dowan
  5193 | D:5      | Found a glowing golden altar of the Shining One.
  5752 | D:6      | Noticed HypnoRock's ghost (novice HOFi)
  5784 | D:6      | Killed HypnoRock's ghost
  5784 | D:6      | Reached XP level 9. HP: 61/65 MP: 16/21
  5845 | D:6      | Found an ancient bone altar of Kikubaaqudgha.
  6430 | D:7      | Found a bloodstained altar of Trog.
  6516 | D:7      | Noticed patthesweetcat's ghost (novice MiBe)
  6535 | D:7      | Killed patthesweetcat's ghost
  6535 | D:7      | Reached skill level 5 in Invocations
  6544 | D:7      | Reached XP level 10. HP: 47/73 MP: 1/22
  6563 | D:7      | Found a staircase to the Ecumenical Temple.
  6572 | Temple   | Entered the Ecumenical Temple
  6663 | Temple   | Became a worshipper of Cheibriados the Contemplative
  7473 | D:7      | Got a pitted hand axe
  7474 | D:7      | Identified the +7 hand axe of Conversion {chop, rC+} (You found it on level 7 of the Dungeon)
  7604 | D:8      | Reached skill level 5 in Fighting
  7604 | D:8      | Reached skill level 5 in Short Blades
  7604 | D:8      | Reached skill level 5 in Long Blades
  7604 | D:8      | Reached skill level 5 in Axes
  7604 | D:8      | Reached skill level 5 in Maces & Flails
  7604 | D:8      | Reached skill level 5 in Polearms
  7604 | D:8      | Reached skill level 5 in Staves
  7604 | D:8      | Reached skill level 5 in Slings
  7604 | D:8      | Reached skill level 5 in Bows
  7604 | D:8      | Reached skill level 5 in Crossbows
  7604 | D:8      | Reached skill level 5 in Throwing
  7604 | D:8      | Reached skill level 5 in Armour
  7604 | D:8      | Reached skill level 5 in Shields
  7604 | D:8      | Reached skill level 5 in Unarmed Combat
  7604 | D:8      | Reached skill level 5 in Evocations
  7656 | D:8      | Reached * piety under Cheibriados
  7683 | D:8      | Noticed a two-headed ogre
  7690 | D:8      | Killed a two-headed ogre
  7787 | D:8      | Reached skill level 9 in Spellcasting
  7861 | D:8      | Found a shadowy altar of Dithmenos.
  7861 | D:8      | Found a basalt altar of Yredelemnul.
  8061 | D:8      | Reached skill level 5 in Conjurations
  8061 | D:8      | Reached skill level 5 in Summonings
  8061 | D:8      | Reached skill level 5 in Translocations
  8271 | D:9      | Found a runed door.
  8291 | D:9      | Reached ** piety under Cheibriados
  8482 | D:9      | Found a runed door.
  8606 | D:9      | Reached XP level 11. HP: 80/81 MP: 2/24
  8661 | D:9      | Reached *** piety under Cheibriados
  8727 | D:9      | Noticed a two-headed ogre
  8742 | D:9      | Killed a two-headed ogre
  8940 | D:9      | Reached skill level 5 in Hexes
  8940 | D:9      | Reached skill level 5 in Charms
  8940 | D:9      | Reached skill level 5 in Necromancy
  8940 | D:9      | Reached skill level 5 in Transmutations
  8940 | D:9      | Reached skill level 5 in Fire Magic
  8940 | D:9      | Reached skill level 5 in Ice Magic
  8940 | D:9      | Reached skill level 5 in Air Magic
  8940 | D:9      | Reached skill level 5 in Earth Magic
  8940 | D:9      | Reached skill level 5 in Poison Magic
  9057 | D:9      | Reached **** piety under Cheibriados
  9382 | D:9      | Found a staircase to the Lair.
  9607 | D:10     | Entered Level 10 of the Dungeon
  9830 | D:10     | Found a staircase to the Orcish Mines.
  9845 | D:10     | Reached ***** piety under Cheibriados
 10024 | D:10     | Learned a level 4 spell: Summon Lightning Spire
 10254 | D:11     | Noticed a deep elf mage
 10280 | D:11     | Killed a deep elf mage
 10285 | D:11     | Noticed a green ugly thing
 10291 | D:11     | Killed a green ugly thing
 10341 | D:11     | Reached XP level 12. HP: 88/89 MP: 25/25
 10406 | D:11     | Noticed a centaur warrior
 10414 | D:11     | Killed a centaur warrior
 10423 | D:11     | Noticed a tengu warrior
 10433 | D:11     | Killed a tengu warrior
 10458 | D:11     | Noticed a two-headed ogre
 10465 | D:11     | Killed a two-headed ogre
 10465 | D:11     | Reached skill level 10 in Spellcasting
 10479 | D:11     | Noticed a death knight
 10502 | D:11     | Killed a death knight
 11112 | D:11     | Noticed an eight-headed hydra
 11148 | D:11     | Killed an eight-headed hydra
 11816 | D:12     | Reached ****** piety under Cheibriados
 12417 | D:12     | Noticed a two-headed ogre
 12431 | D:12     | Killed a two-headed ogre
 12519 | D:12     | Noticed Erolcha
 12520 | D:12     | Found a bloodstained altar of Trog.
 12555 | D:12     | Killed Erolcha
 12945 | D:12     | Learned a level 5 spell: Lightning Bolt
 12951 | D:12     | Learned a level 5 spell: Silence
 13120 | D:13     | Noticed a two-headed ogre
 13122 | D:13     | Noticed a two-headed ogre
 13127 | D:13     | Killed a two-headed ogre
 13127 | D:13     | Reached XP level 13. HP: 94/98 MP: 23/27
 14753 | D:14     | Noticed Rupert
 14759 | D:14     | Paralysed by Rupert for 5 turns
 14768 | D:14     | Killed Rupert
 14985 | D:14     | Got a pair of slimy gloves
 14991 | D:14     | Identified the cursed +0 pair of gloves "Etamui" {rF+ Int+3} (You found it on level 14 of the Dungeon)
 15032 | D:14     | Noticed Snorg
 15046 | D:14     | Killed Snorg
 15385 | D:14     | Noticed an ettin
 15396 | D:14     | Reached skill level 11 in Spellcasting
 15399 | D:14     | HP: 4/99 [ettin/dire flail (26)]
 15400 | D:14     | Slain by an ettin

Skill      XL: |  1  2  3  4  5  6  7  8  9 10 11 12 13 |
---------------+----------------------------------------+-----
Conjurations   | 2 3 4 5 6 7 |  7.4
Summonings     | 2 3 4 5 6 7 |  7.4
Translocations | 2 3 4 5 6 7 |  7.4
Invocations    | 1 2 3 4 5 6 7 8 9 |  9.2
Fighting       | 1 2 3 4 5 6 7 8 |  8.5
Short Blades   | 1 2 3 4 5 6 7 8 |  8.5
Long Blades    | 1 2 3 4 5 6 7 8 |  8.5
Axes           | 1 2 3 4 5 6 7 8 |  8.5
Maces & Flails | 1 2 3 4 5 6 7 8 |  8.5
Polearms       | 1 2 3 4 5 6 7 8 |  8.5
Staves         | 1 2 3 4 5 6 7 8 |  8.5
Slings         | 1 2 3 4 5 6 7 8 |  8.5
Bows           | 1 2 3 4 5 6 7 8 |  8.5
Crossbows      | 1 2 3 4 5 6 7 8 |  8.5
Throwing       | 1 2 3 4 5 6 7 8 |  8.5
Armour         | 1 2 3 4 5 6 7 8 |  8.5
Shields        | 1 2 3 4 5 6 7 8 |  8.5
Unarmed Combat | 1 2 3 4 5 6 7 8 |  8.5
Evocations     | 1 2 3 4 5 6 7 8 |  8.5
Hexes          | 1 2 3 4 5 6 7 |  7.0
Charms         | 1 2 3 4 5 6 7 |  7.0
Necromancy     | 1 2 3 4 5 6 7 |  7.0
Transmutations | 1 2 3 4 5 6 7 |  7.0
Fire Magic     | 1 2 3 4 5 6 7 |  7.0
Ice Magic      | 1 2 3 4 5 6 7 |  7.0
Air Magic      | 1 2 3 4 5 6 7 |  7.0
Earth Magic    | 1 2 3 4 5 6 7 |  7.0
Poison Magic   | 1 2 3 4 5 6 7 |  7.0
Dodging        | 5 6 7 8 9 |  9.6
Stealth        | 5 6 7 8 9 |  9.5
Spellcasting   | 8 9 10 11 | 11.0

Action                   |  1- 3 |  4- 6 |  7- 9 | 10-12 | 13-15 || total
-------------------------+-------+-------+-------+-------+-------++-------
Melee: Short sword       |    34 |    51 |       |       |       ||    85
       Bite              |     1 |     6 |    19 |    91 |    32 ||   149
       Flail             |       |    27 |   237 |     8 |       ||   272
       Long sword        |       |     5 |       |       |       ||     5
       Hand axe          |       |       |       |   496 |   119 ||   615
       Spear             |       |       |       |    42 |       ||    42
 Fire: Blowgun           |       |       |       |     9 |       ||     9
 Cast: Magic Dart        |    33 |    67 |   111 |   444 |    58 ||   713
       Call Imp          |     4 |     3 |    52 |    34 |       ||    93
       Mephitic Cloud    |     1 |     8 |    27 |   100 |    12 ||   148
       Blink             |       |       |     9 |    11 |     5 ||    25
       Conjure Flame     |       |       |     4 |     6 |     3 ||    13
       Summon Lightning  |       |       |       |     9 |     1 ||    10
       Lightning Bolt    |       |       |       |       |    39 ||    39
Invok: Slouch            |       |       |       |       |     2 ||     2
Evoke: Sack of spiders   |       |       |       |       |     2 ||     2
       Fan of gales      |       |       |       |       |     1 ||     1
  Use: Scroll            |       |     4 |     5 |    12 |     2 ||    23
       Potion            |       |       |     1 |     1 |       ||     2
 Stab: Sleeping          |     1 |       |     3 |     3 |     1 ||     8
       Confused          |       |     3 |     9 |    43 |     3 ||    58
       Distracted        |       |       |     1 |     2 |       ||     3
       Invisible         |       |       |       |     3 |       ||     3
  Eat: Chunk             |     1 |     4 |    10 |    16 |     1 ||    32
       Ration            |       |       |     1 |     1 |     1 ||     3
Armor: Leather armour    |     1 |    17 |    65 |     7 |       ||    90
       Ring mail         |       |       |       |    42 |    20 ||    62
       Scale mail        |       |       |       |     9 |       ||     9
Dodge: Dodged            |    25 |    44 |   163 |   257 |    69 ||   558
Block: Buckler           |       |     9 |    58 |   125 |    35 ||   227
       Rpst.: Long sword |       |     1 |       |       |       ||     1
